 Dungeon Sprint DCSS version 0.31.0-1-g2c135a0 (webtiles) character file.

Game seed: 12168328544556638619

236 PurpleRed the Destroyer (level 5, -4/28 HPs)
             Began as a Deep Elf Conjurer on Mar 8, 2024.
             Was an Initiate of Vehumet.
             Slain by a polar bear (5 damage)
             ... in the Dungeon (Sprint II: "The Violet Keep of Menkaure").
             The game lasted 00:02:28 (185 turns).

PurpleRed the Destroyer (Deep Elf Conjurer)          Turns: 185, Time: 00:02:29

Health: -4/28      AC:  2    Str:  4    XL:     5   Next: 77%
Magic:  11/19      EV: 12    Int: 25    God:    Vehumet [......]
Gold:   243        SH:  0    Dex: 13    Spells: 22/23 levels left

rFire   . . .        (no weapon)
rCold   . . .        (no shield)
rNeg    . . .        a - +0 robe
rPois   .            (no helmet)
rElec   .            (no cloak)
rCorr   .            (no gloves)
SInv    .            (no boots)
Will    .....        (no amulet)
Stlth   ++           (no ring)
HPRegen 0.24/turn    (no ring)
MPRegen 0.16/turn

%: no teleportation
@: no status effects
A: no striking features
a: Renounce Religion


You were in the Dungeon.
You worshipped Vehumet.
Vehumet was noncommittal.
You visited 1 branch You collected 243 gold pieces.

Inventory:

Armour
 a - a +0 robe (worn)
Potions
 b - 2 potions of magic


   Skills:
 - Level 2.4 Dodging
 - Level 2.4 Stealth
 + Level 9.6 Spellcasting
 * Level 11.5 Conjurations


You had 22 spell levels left.
You knew the following spells:

 Your Spells              Type           Power      Damage    Failure   Level
a - Magic Dart            Conj           100%       1d8       1%          1

Your spell library contained the following spells:

 Spells                   Type           Power      Damage    Failure   Level
 Searing Ray              Conj           100%       2d8       1%          2
 Fulminant Prism          Conj/Alch      20%        3d12      4%          4
 Iskenderun's Mystic Bla  Conj/Tloc      40%        2d9       4%          4


Dungeon Overview and Level Annotations

Branches:
Dungeon (1/1)

Altars:
Cheibriados
Dithmenos
Elyvilon
Fedhas
Gozag
Hepliaklqana
Kikubaaqudgha
Makhleb
Nemelex Xobeh
Okawaru
Qazlal
Ru
Sif Muna
Trog
Uskayaw
Vehumet
Wu Jian
Xom
Yredelemnul
Zin
The Shining One
Jiyva
Lugonu


Message History

Aim: a crocodile (severely wounded, 100% to hit)
The magic dart hits the crocodile.
The crocodile is severely wounded.
The hornet buzzes angrily.
The polar bear growls angrily.
The crocodile bites you but does no damage.
A polar bear comes into view.
The hornet moves out of view.
Casting: Magic Dart (safe; 1% risk of failure)
Confirm with . or Enter, or press ? or * to list all spells.
Aiming: Magic Dart (safe; 1% risk of failure)
Press: ? - help, Shift-Dir - straight line, f/p - crocodile
Aim: a crocodile (severely wounded, 100% to hit)
The magic dart hits the crocodile.
The crocodile is almost dead.
The crocodile misses you.
Casting: Magic Dart (safe; 1% risk of failure)
Confirm with . or Enter, or press ? or * to list all spells.
Aiming: Magic Dart (safe; 1% risk of failure)
Press: ? - help, Shift-Dir - straight line, f/p - crocodile
Aim: a crocodile (almost dead, 100% to hit)
The magic dart hits the crocodile.
The crocodile is almost dead.
The crocodile bites you!
Ouch! That really hurt!
* * * LOW HITPOINT WARNING * * *
The crocodile drags you backwards! The polar bear misses you.
The polar bear closely misses you. The polar bear claws you.
* * * LOW HITPOINT WARNING * * *
Casting: Magic Dart (safe; 1% risk of failure)
Confirm with . or Enter, or press ? or * to list all spells.
Aiming: Magic Dart (safe; 1% risk of failure)
Press: ? - help, Shift-Dir - straight line, f/p - crocodile
Aim: a crocodile (almost dead, 100% to hit)
The magic dart hits the crocodile.
The crocodile is almost dead.
The crocodile bites you.
* * * LOW HITPOINT WARNING * * *
The crocodile drags you backwards! The polar bear barely misses you.
The polar bear claws you.
You die...

.### ... ^..# ..## #..# .#
)$) #+# #..# +..# .#▓?![$(
#.### #..# #..# h#▓!!?$$(
.<.+# +..### ..##c ▓)?))!$
#.##.# #§...###..y##▓▓▓▓▓▓▓
#†## 3##......~lhh~~~~~~~~~
.#.####~~§....~#@########+#
†#..#~~~~~~~..~#....._..#§§
...##~~§~~~~~.~#...._._.#§§
#'##~~~≈§≈~§~~~#..._._._#§~
~~~~~~§§≈§§≈§~~#.._._._.#~§
+#+++#~≈≈≈≈≈≈§~#._._._._#~§
z.. ##≈§≈###≈≈#_._._._.#~§
○.. ##§≈# #≈≈#._._._._#§~
°z.. +≈≈# #§≈#_._._...#l≈


You could see 3 polar bears, a yaktaur, a hornet and a crocodile.

Vanquished Creatures
  4 necrophages (D)
4 creatures vanquished.

Notes
Turn   | Place    | Note
-------+----------+-------------------------------------------
     0 | D        | PurpleRed the Deep Elf Conjurer began the quest for the
                  | Orb.
     0 | D        | Reached XP level 1. HP: 10/10 MP: 6/6
     2 | D        | Noticed a neqoxec
     5 | D        | Noticed a necrophage
     5 | D        | Noticed a necrophage
     5 | D        | Noticed a necrophage
     5 | D        | Noticed a necrophage
    11 | D        | Killed a necrophage
    12 | D        | Reached skill level 7 in Conjurations
    12 | D        | Reached XP level 2. HP: 15/15 MP: 6/11
    12 | D        | Reached XP level 3. HP: 19/19 MP: 6/12
    25 | D        | Killed a necrophage
    26 | D        | Reached skill level 9 in Conjurations
    26 | D        | Reached XP level 4. HP: 13/24 MP: 5/15
    31 | D        | Killed a necrophage
    32 | D        | Reached skill level 10 in Conjurations
    32 | D        | Reached XP level 5. HP: 16/28 MP: 0/18
    43 | D        | Reached skill level 11 in Conjurations
   137 | D        | Noticed a laughing skull
   137 | D        | Noticed a laughing skull
   138 | D        | Noticed a laughing skull
   139 | D        | Noticed a laughing skull
   146 | D        | Found an opulent altar of Gozag.
   146 | D        | Found an iron altar of Okawaru.
   147 | D        | Found a blossoming altar of Fedhas.
   147 | D        | Found a sparkling altar of Nemelex Xobeh.
   148 | D        | Found a white marble altar of Elyvilon.
   148 | D        | Found a burning altar of Makhleb.
   149 | D        | Found a shadowy altar of Dithmenos.
   149 | D        | Found a corrupted altar of Lugonu.
   150 | D        | Found a snail-covered altar of Cheibriados.
   150 | D        | Found an ancient bone altar of Kikubaaqudgha.
   150 | D        | Found a bloodstained altar of Trog.
   150 | D        | Found a hide-covered altar of Uskayaw.
   151 | D        | Found a viscous altar of Jiyva.
   151 | D        | Found a shimmering blue altar of Sif Muna.
   152 | D        | Found a hazy altar of Hepliaklqana.
   152 | D        | Found a sacrificial altar of Ru.
   153 | D        | Found a shimmering altar of Xom.
   154 | D        | Found a stormy altar of Qazlal.
   154 | D        | Found an ornate altar of the Wu Jian Council.
   154 | D        | Found a basalt altar of Yredelemnul.
   154 | D        | Found a glowing golden altar of the Shining One.
   155 | D        | Found a radiant altar of Vehumet.
   155 | D        | Found a glowing silver altar of Zin.
   157 | D        | Noticed a crocodile
   163 | D        | Became a worshipper of Vehumet
   169 | D        | Noticed a crocodile
   180 | D        | Noticed a yaktaur
   180 | D        | Noticed a polar bear
   180 | D        | Noticed a polar bear
   181 | D        | Noticed a hornet
   181 | D        | Noticed a polar bear
   185 | D        | HP: 1/28 [crocodile (1)]
   185 | D        | Slain by a polar bear

Illustrated notes

Levels and vault maps discovered:
D:        the_violet_keep_of_menkaure [sprint2_stairs_cluster_1,
          sprint2_shoproom, sprint2_temple, sprint2_basic_supplies,
          sprint2_obstacle_1, sprint2_obstacle_4, sprint2_obstacle_3,
          sprint2_obstacle_6, sprint2_obstacle_2, sprint2_timed_cluster_1,
          sprint2_smallroom_cluster_1, sprint2_smallroom_final_cluster_1,
          sprint2_transparent_cluster_1, sprint2_second_timed_cluster_1,
          sprint2_sniper_area_1, sprint2_heavy_combat_area_1,
          sprint2_mutation_trap_area_1, sprint2_forest_area_1,
          sprint2_light_combat_area_1, sprint2_behind_water_1,
          sprint2_near_end_vault_1]

Skill      XL: |  1  2  3  4  5 |
---------------+----------------+-----
Spellcasting   | 6 7 8 9 |  9.6
Conjurations   | 7 9 10 11 | 11.5
Dodging        | |  2.4
Stealth        | |  2.4

Action                     |  1- 3 |  4- 6 || total
---------------------------+-------+-------++-------
  Melee: Unarmed           |    15 |       ||    15
   Cast: Magic Dart        |     3 |    23 ||    26
    Use: Potion            |     3 |     2 ||     5
         Scroll            |       |     1 ||     1
 Armour: Robe              |     6 |    15 ||    21
  Dodge: Dodged            |     5 |    15 ||    20
